 Dungeon Crawl Stone Soup version 0.28-a0-991-g956f0ee3d5 (webtiles) character file.

Game seed: 2134627651140461535

72 Hipnos the Covert (level 4, -12/23 HPs)
             Began as a Spriggan Brigand on Dec 4, 2021.
             Was a Follower of Zin.
             Killed by divine providence
             ... invoked by an orc priest
              (14 damage)
             ... on level 3 of the Dungeon.
             The game lasted 00:02:10 (1444 turns).

Hipnos the Covert (Spriggan Brigand)                Turns: 1444, Time: 00:02:12

Health: -12/23     AC:  3    Str:  7    XL:     4   Next: 6%
Magic:  5/5        EV: 16    Int: 12    God:    Zin [*.....]
Gold:   56         SH:  0    Dex: 18    Spells: 3/3 levels left

rFire   . . .      SeeInvis +   a - +2 dagger
rCold   . . .      Faith    .   (shield restricted)
rNeg    . . .      Spirit   .   b - +0 robe
rPois   .          Reflect  .   (helmet restricted)
rElec   .          Harm     .   c - +0 cloak
rCorr   .          Rampage  .   (gloves unavailable)
Will    .....                   (boots unavailable)
Stlth   ++++......              (no amulet)
HPRegen 0.07/turn               (no ring)
MPRegen 0.09/turn               (no ring)

@: very quick
A: very small, no large weapons, unfitting armour, see invisible, speed 3
a: Renounce Religion, Recite, Donate Gold


You were on level 3 of the Dungeon.
You worshipped Zin.
Zin was aware of your devotion.
You visited 1 branch of the dungeon, and saw 3 of its levels.

You collected 62 gold pieces.
You donated 6 gold pieces to Zin.

Inventory:

Hand Weapons
 a - a +2 dagger (weapon)
Missiles
 d - 7 poisoned darts (quivered)
 e - 2 curare-tipped darts
Armour
 b - a +0 robe (worn)
 c - a +0 cloak (worn)
Scrolls
 f - a scroll of blinking {unknown}
Potions
 g - a potion of curing {unknown}


   Skills:
 + Level 1.6 Fighting
 * Level 2.6 Short Blades
 * Level 2.1 Throwing
 + Level 1.5 Dodging
 * Level 8.0 Stealth


You had 3 spell levels left.
You didn't know any spells.
Your spell library was empty.

Dungeon Overview and Level Annotations

Branches:
Dungeon (3/15)

Altars:
Zin


Innate Abilities, Weirdness & Mutations

You are very small and have problems with some larger weapons.
You are too small for most types of armour.
You have supernaturally acute eyesight. (SInv)
You cover ground extremely quickly. (Speed+++)


Message History

You are too injured to fight recklessly!
You are too injured to fight recklessly!
You are too injured to fight recklessly!
You are too injured to fight recklessly!
You are too injured to fight recklessly!
You are too injured to fight recklessly!
You are too injured to fight recklessly!
You are too injured to fight recklessly!
You are too injured to fight recklessly!
You are too injured to fight recklessly!
You are too injured to fight recklessly!
You are too injured to fight recklessly!
You are too injured to fight recklessly!
You are too injured to fight recklessly!
You are too injured to fight recklessly!
An orc priest is nearby!
An orc priest is nearby!
You barely miss the orc priest.
The orc priest hits you with a +0 short sword.
You hit the orc priest.
The orc priest is lightly wounded.
The orc priest hits you with a +0 short sword.
* * * LOW HITPOINT WARNING * * *
You barely miss the orc priest. The orc priest barely misses you.
You hit the orc priest but do no damage.
You hit the orc priest.
The orc priest is moderately wounded.
The orc priest hits you with a +0 short sword.
* * * LOW HITPOINT WARNING * * *
You hit the orc priest but do no damage.
The orc priest is moderately wounded.
The orc priest barely misses you. The adder bites you.
* * * LOW HITPOINT WARNING * * *
You hit the orc priest but do no damage.
The orc priest is moderately wounded.
The adder misses you.
The orc priest calls down the wrath of Beogh upon you.
Beogh smites you!
Ouch! That really hurt!
You die...

## .## ...S. #..
....... .. ........#
##.# ........###So#
........##.@#######
...................
...../......######o
...)........# ..
............# ...
##.........## ....
#........[..## #....
..............##.$...
...#..[.......>......


You could see an orc priest, an adder and an orc (wandering).

Vanquished Creatures
  4 adders (D:2)
  A dart slug (D:2)
  An orc (D:3)
  3 endoplasms
  3 goblins
  5 hobgoblins
  3 jackals (D:2)
  2 quokkas
  3 ball pythons
  A frilled lizard (D:1)
  2 kobolds (D:2)
  3 rats (D:2)
  2 toadstools (D:1)
33 creatures vanquished.

Vanquished Creatures (others)
  2 toadstools (D:1)
2 creatures vanquished.

Grand Total: 35 creatures vanquished

Notes
Turn   | Place    | Note
-------+----------+-------------------------------------------
     0 | D:1      | Hipnos the Spriggan Brigand began the quest for the Orb.
     0 | D:1      | Reached XP level 1. HP: 10/10 MP: 2/2
    73 | D:1      | Reached skill level 6 in Stealth
   259 | D:1      | Reached XP level 2. HP: 11/14 MP: 3/3
   374 | D:1      | You fall into a shaft and drop 1 floor!
   417 | D:2      | Reached skill level 7 in Stealth
   477 | D:2      | Reached XP level 3. HP: 18/18 MP: 4/4
   548 | D:2      | Found a faded altar of an unknown god.
  1111 | D:2      | Prayed at the altar of an unknown god.
  1111 | D:2      | Became a worshipper of Zin the Law-Giver
  1111 | D:2      | Reached * piety under Zin
  1118 | D:2      | Reached skill level 8 in Stealth
  1118 | D:2      | Reached XP level 4. HP: 10/22 MP: 5/5
  1444 | D:3      | Killed from afar by an orc priest

Illustrated notes

Levels and vault maps discovered:
D:1:      ldierk_water_garden, layout_loops_ring
D:2:      layout_loops_ring, hellmonk_ecumenical_altar_blasted
D:3:      layout_rooms, pdpol_wu_jian_five_deadly_venoms, jmf_multi_god_temple2,
          kennysheep_generic_room_15

Skill      XL: |  1  2  3 |
---------------+----------+-----
Stealth        | 6 7 8 |  8.0
Fighting       | |  1.6
Short Blades   | |  2.6
Throwing       | |  2.1
Dodging        | |  1.5

Action                   |  1- 3 |  4- 6 || total
-------------------------+-------+-------++-------
Melee: Dagger            |    70 |    14 ||    84
Throw: Dart              |    23 |       ||    23
 Stab: Sleeping          |    11 |     1 ||    12
Armor: Robe              |    14 |       ||    14
Dodge: Dodged            |    64 |     6 ||    70

Table legend: (Time is in decaauts)
 A = Elapsed time spent in this place.
 B = Non-inter-level travel time spent in this place.
 C = Inter-level travel time spent in this place.
 D = Time resting spent in this place.
 E = Time spent auto-exploring this place.
 F = Levels seen in this place.
 G = Mean time per level.
                   A        B        C        D        E       F      G
               +--------+--------+--------+--------+--------+-----+--------+
         Total |   1149 |   1133 |     16 |      0 |    938 |   3 |  383.0 |
       Dungeon |   1149 |   1133 |     16 |      0 |    938 |   3 |  383.0 |
               +--------+--------+--------+--------+--------+-----+--------+

Top non-repeatable levels by time:
     D:2: 821 daAuts
     D:1: 308 daAuts
     D:3: 19 daAuts
